 Dungeon Crawl Stone Soup version 0.27.1-4-g1640c2035a (webtiles) character file.

Game seed: 3324067872603909542

86 raph the Poker (level 4, -2/35 HPs)
             Began as a Merfolk Gladiator on Nov 6, 2021.
             Slain by a gnoll (6 damage)
             ... on level 1 of the Dungeon.
             The game lasted 00:03:50 (2154 turns).

raph the Poker (Merfolk Gladiator)                  Turns: 2154, Time: 00:03:51

Health: -2/35      AC:  5    Str: 14    XL:     4   Next: 50%
Magic:  4/4        EV: 13    Int:  7    God:
Gold:   22         SH:  0    Dex: 16    Spells: 3/3 levels left

rFire    . . .     SeeInvis .   a - +0 trident
rCold    . . .     Faith    .   (no shield)
rNeg     . . .     Spirit   .   b - +0 leather armour
rPois    .         Reflect  .   c - +0 helmet
rElec    .         Harm     .   i - +0 cloak
rCorr    .         Rampage  .   (no gloves)
Will     .....                  (no boots)
Stlth    +.........             (no amulet)
HPRegen  0.11/turn              (no ring)
MPRegen  0.09/turn              (no ring)

@: no status effects
A: (nimble swimmer 2), mertail
a: no special abilities


You were on level 1 of the Dungeon.
You visited 1 branch of the dungeon, and saw 2 of its levels.

You collected 22 gold pieces.

Inventory:

Hand Weapons
 a - a +0 trident (weapon)
Missiles
 d - 2 throwing nets (quivered)
Armour
 b - a +0 leather armour (worn)
 c - a +0 helmet (worn)
 i - a +0 cloak (worn)
Potions
 f - a potion of lignification
 g - a potion of haste
 h - a potion of cancellation {unknown}


   Skills:
 + Level 3.1 Fighting
 * Level 6.1 Polearms
 - Level 2.0 Throwing
 + Level 4.8 Dodging


You had 3 spell levels left.
You didn't know any spells.
Your spell library was empty.

Dungeon Overview and Level Annotations

Branches:
Dungeon (2/15)

Altars:

Shops:
D:1 :(*(


Innate Abilities, Weirdness & Mutations

((You are quick and stealthy near water. (Stealth+, EV+, Speed+++)))
Your lower body shifts to a powerful aquatic tail in water.


Message History

The floor.
You hit the gnoll.
The gnoll is severely wounded.
The gnoll hits you with a +0 short sword!
* * * LOW HITPOINT WARNING * * *
You hit the gnoll but do no damage.
The gnoll is severely wounded.
The gnoll hits you with a +0 short sword.
* * * LOW HITPOINT WARNING * * *
There is a stone staircase leading up here.
The gnoll misses you.
You climb upwards.
There is a stone staircase leading down here.
You barely miss the gnoll.
The gnoll is severely wounded.
The gnoll misses you.
Your legs become a tail as you enter the water.
Reach: a) +0 trident
Press: ? - help, Dir - move target, f - gnoll
Aim: a gnoll, wielding a +0 short sword and wearing a +0 plate armour (heavily wounded, about 23% to evade your +0 trident)
You reach to attack!
You hit the gnoll.
The gnoll is severely wounded.
A gnoll is nearby!
A gnoll is nearby!
The gnoll completely misses you.
Reach: a) +0 trident
Press: ? - help, Dir - move target, f/p - gnoll
Aim: a gnoll, wielding a +0 short sword and wearing a +0 plate armour (severely wounded, about 23% to evade your +0 trident)
You hit the gnoll.
The gnoll is almost dead.
The gnoll hits you with a +0 short sword.
* * * LOW HITPOINT WARNING * * *
Your legs become a tail as you enter the water.
Reach: a) +0 trident
Press: ? - help, Dir - move target, f/p - gnoll
Aim: a gnoll, wielding a +0 short sword and wearing a +0 plate armour (almost dead, about 23% to evade your +0 trident)
You reach to attack!
You barely miss the gnoll.
The gnoll is almost dead.
The gnoll hits you with a +0 short sword.
You die...

#...# #...#.......
#...# #...........
##...## #...........
##≈≈≈..# #...........
#≈≈≈≈≈.# #...>.......
#≈≈∩...###...##.#....
#≈≈≈≈≈##.............
##≈≈≈###'###.........
###@................
#.g...............
#................#
#................#
#................#
#................#
#................#
#.∩..............#
#.........####....


You could see a gnoll.

Vanquished Creatures
  Crazy Yiuf (D:2)
  A gnoll (D:2)
  An adder (D:2)
  A worm (D:2)
  A dart slug (D:2)
  5 endoplasms
  A giant cockroach (D:1)
  2 goblins
  5 hobgoblins
  4 kobolds (D:1)
  2 quokkas
  A ball python (D:1)
  5 bats
  2 frilled lizards
32 creatures vanquished.

Notes
Turn   | Place    | Note
-------+----------+-------------------------------------------
     0 | D:1      | raph the Merfolk Gladiator began the quest for the Orb.
     0 | D:1      | Reached XP level 1. HP: 16/16 MP: 1/1
   384 | D:1      | Found Cis Bih's General Store.
   555 | D:1      | Reached XP level 2. HP: 21/23 MP: 2/2
   628 | D:1      | Reached skill level 5 in Polearms
   679 | D:1      | Found Haniror's Book Shoppe.
   689 | D:1      | Found Jougihul's Weapon Shoppe.
  1180 | D:1      | Found Hexke's Weapon Emporium.
  1279 | D:2      | Reached XP level 3. HP: 28/28 MP: 3/3
  1639 | D:2      | Found a runed translucent door.
  1640 | D:2      | Noticed Crazy Yiuf
  1653 | D:2      | Killed Crazy Yiuf
  1654 | D:2      | Reached skill level 6 in Polearms
  1654 | D:2      | Reached XP level 4. HP: 30/35 MP: 4/4
  2070 | D:2      | HP: 1/35 [gnoll (6)]
  2154 | D:1      | Slain by a gnoll

Illustrated notes

Levels and vault maps discovered:
D:1:      shiori_arrival_oz, layout_basic, serial_shops, shop_fountains,
          nicolae_shop_waterfront, shop_statue, shop,
          hangedman_abyss_or_decor_stabs
D:2:      layout_loops_ring, hellmonk_ecumenical_altar_inner_sanctum,
          minmay_misc_feat_secret_circle, uniq_crazy_yiuf_cottage

Skill      XL: |  1  2  3 |
---------------+----------+-----
Polearms       | 5 6 |  6.1
Fighting       | 3 |  3.1
Throwing       | |  2.0
Dodging        | |  4.8

Action                   |  1- 3 |  4- 6 || total
-------------------------+-------+-------++-------
Melee: Trident           |   114 |    42 ||   156
       Tailslap          |     2 |       ||     2
Throw: Throwing net      |       |     1 ||     1
  Use: Scroll            |     1 |     2 ||     3
 Stab: Sleeping          |     1 |       ||     1
       Invisible         |     2 |       ||     2
Armor: Leather armour    |    15 |     4 ||    19
Dodge: Dodged            |    70 |    24 ||    94
